 Dungeon Crawl Stone Soup version 0.31-a0-277-g31ea1f65cc (webtiles) character file.

Game seed: 16143244111296988833

59 Newt the Trooper (level 3, -3/30 HPs)
             Began as a Demonspawn Gladiator on July 15, 2023.
             Slain by Grinder (4 damage)
             ... on level 3 of the Dungeon.
             The game lasted 00:01:52 (1970 turns).

Newt the Trooper (Demonspawn Gladiator)             Turns: 1970, Time: 00:01:52

Health: -3/30      AC:  6    Str: 16    XL:     3   Next: 78%
Magic:  3/3        EV: 12    Int:  9    God:
Gold:   119        SH:  0    Dex: 14    Spells: 2/2 levels left

rFire   . . .        a - +0 rapier
rCold   . . .        (no shield)
rNeg    . . .        b - +0 leather armour
rPois   .            c - +0 helmet
rElec   .            o - scarf {repulsion}
rCorr   .            (no gloves)
SInv    +            g - +1 pair of boots
Will    .....        (no amulet)
Stlth   +            k - ring of see invisible
HPRegen 0.25/turn    (no ring)
MPRegen 0.08/turn

%: repel missiles
@: no status effects
A: claws 1
a: no special abilities


You were on level 3 of the Dungeon.
You visited 1 branch of the dungeon, and saw 3 of its levels.

You collected 119 gold pieces.

Inventory:

Hand Weapons
 a - a +0 rapier (weapon)
Missiles
 d - 3 throwing nets
 e - a javelin
 h - 3 poisoned darts
 l - 5 boomerangs (quivered)
Armour
 b - a +0 leather armour (worn)
 c - a +0 helmet (worn)
 g - a +1 pair of boots (worn)
 o - a scarf of repulsion (worn)
Jewellery
 k - a ring of see invisible (left claw)
Wands
 m - a wand of flame (20)
Scrolls
 f - a scroll of revelation
 j - a scroll of teleportation
Potions
 n - a potion of curing
 p - a potion of might
 q - a potion of lignification


   Skills:
 - Level 4.0 Fighting
 - Level 2.6 Short Blades
 + Level 2.1 Throwing
 - Level 2.6 Dodging


You had 2 spell levels left.
You didn't know any spells.
Your spell library contained the following spells:

 Spells                   Type           Power      Damage    Failure   Level
 Scorch                   Fire           0%         2d5       58%         2
 Flame Wave               Conj/Fire      0%         2d4       99%         4
 Summon Cactus Giant      Summ           0%         N/A       100%        6


Dungeon Overview and Level Annotations

Branches:
Dungeon (3/15)

Altars:

Annotations:
D:3 Grinder


Innate Abilities, Weirdness & Mutations

You have sharp fingernails.


Message History

You barely miss the frilled lizard. The frilled lizard misses you.
You hit the frilled lizard.
You kill the frilled lizard!
Grinder gestures at you.
You barely resist.
Throw: 7 darts (poison)
Press: ? - help, Shift-Dir - straight line, f - Grinder
Aim: Grinder (55% to hit)
You throw a poisoned dart.
The poisoned dart closely misses Grinder.
The poisoned dart hits the worm.
The worm is poisoned.
Unknown command.
Throw: 6 darts (poison)
Press: ? - help, Shift-Dir - straight line, f/p - Grinder
Aim: Grinder (55% to hit)
You throw a poisoned dart. The poisoned dart hits Grinder.
Grinder hits you.
You writhe in agony.
Unknown command.
Throw: 5 darts (poison)
Press: ? - help, Shift-Dir - straight line, f/p - Grinder
Aim: Grinder (55% to hit)
You throw a poisoned dart.
The poisoned dart closely misses Grinder.
The poisoned dart hits the worm.
The worm looks even sicker.
The worm is lightly wounded.
Grinder gestures at you. Pain shoots through your body!
* * * LOW HITPOINT WARNING * * *
Throw: 4 darts (poison)
Press: ? - help, Shift-Dir - straight line, f/p - Grinder
Aim: Grinder (55% to hit)
Marked for pickup.
You throw a poisoned dart.
The poisoned dart closely misses Grinder.
The poisoned dart hits the worm.
The worm looks even sicker.
The worm is lightly wounded.
Grinder hits you!
* * * LOW HITPOINT WARNING * * *
You writhe in agony.
You die...

.....# #......#
#......# #.
......# #..
......## #.#
#5w. ..# #..#
####.# ..#
#..##.!..###..#
#......(w5@..#
###.#.######..#
. #...# .#
....###..## #
.........#
.......#.# .#
......##.####
#.# .....#
#....# #.#
....# ####.#
#.#


You could see Grinder and a worm (very poisoned).

Vanquished Creatures
  An adder (D:2)
  A worm (D:2)
  2 dart slugs (D:1)
  3 ball pythons
  4 bats
  5 endoplasms
  A giant cockroach (D:2)
  5 goblins
  2 hobgoblins
  2 jackals (D:2)
  4 kobolds
  A quokka (D:1)
  5 frilled lizards
  A rat (D:1)
37 creatures vanquished.

Vanquished Creatures (collateral kills)
  2 ball pythons (D:2)
2 creatures vanquished.

Grand Total: 39 creatures vanquished

Notes
Turn   | Place    | Note
-------+----------+-------------------------------------------
     0 | D:1      | Newt the Demonspawn Gladiator began the quest for the Orb.
     0 | D:1      | Reached XP level 1. HP: 16/16 MP: 1/1
   236 | D:1      | Gained mutation: You have sharp fingernails. [demonic
                  | ancestry]
   236 | D:1      | Reached XP level 2. HP: 15/23 MP: 2/2
   347 | D:1      | Reached skill level 3 in Fighting
   925 | D:2      | Reached XP level 3. HP: 27/30 MP: 3/3
  1499 | D:2      | Reached skill level 4 in Fighting
  1953 | D:3      | Noticed Grinder
  1970 | D:3      | HP: 1/30 [Grinder (7)]
  1970 | D:3      | Slain by Grinder

Illustrated notes

Levels and vault maps discovered:
D:1:      amcnicky_arrival_blooded_trapdoor, layout_basic, nicolae_the_louvre
D:2:      layout_basic
D:3:      layout_rooms, due_unseen_surprise, uniq_grinder

Skill      XL: |  1  2  3 |
---------------+----------+-----
Fighting       | 3 4 |  4.0
Throwing       | 2 |  2.1
Short Blades   | |  2.6
Dodging        | |  2.6

Action                     || total
---------------------------++-------
  Melee: Rapier            ||   122
         Punch             ||     1
  Throw: Dart              ||     4
    Use: Scroll            ||     9
   Stab: Distracted        ||     1
         Sleeping          ||     1
 Armour: Leather armour    ||    43
  Dodge: Dodged            ||    87
         Repelled          ||     2

Table legend: (Time is in decaauts)
 A = Elapsed time spent in this place.
 B = Non-inter-level travel time spent in this place.
 C = Inter-level travel time spent in this place.
 D = Time resting spent in this place.
 E = Time spent auto-exploring this place.
 F = Levels seen in this place.
 G = Mean time per level.
                   A        B        C        D        E       F      G
               +--------+--------+--------+--------+--------+-----+--------+
         Total |   1976 |   1934 |     42 |    200 |   1410 |   3 |  658.7 |
       Dungeon |   1976 |   1934 |     42 |    200 |   1410 |   3 |  658.7 |
               +--------+--------+--------+--------+--------+-----+--------+

Top non-repeatable levels by time:
     D:2: 1041 daAuts
     D:1: 864 daAuts
     D:3: 71 daAuts
